AoeStats
← djcybermyth

Fortress

507865228Analyzed
3v3 RM · 11d ago on Sep 20, 2026· 29m 40s· 6 players
Game mode
Random Map
Map size
Large (8 player)
Population
200
Speed
Normal
Resources
Standard
Victory
Conquest
Starting age
Dark Age
Ending age
Imperial Age
RankedLock teamsTeams togetherTeam positionsShared explorationLock speedFull tech treeHidden civsTurbo modeCheats
Victory
Defeat
🇺🇸 Turks · United States
806
+3
🇺🇸 Wei · United States
787
+3
🇺🇸 Wu · United States
771
+3
🇪🇸 Gurjaras · Spain
530
-5
🇦🇺 Sicilians · Australia
349
-2
🇨🇴 Goths · Colombia
337
-2
Tmarahh
3:24 Loom
10:24 Feudal Age
14:10 Wheelbarrow
13:22 Town Watch
20:44 Castle Age
20:51 Stone Mining
20:51 Gold Mining
20:59 Horse Collar
21:18 Double-Bit Axe
22:51 Bow Saw
28:55 Crossbowman
PRIMUS INTER PARES
1:48 Loom
8:40 Feudal Age
8:51 Man-at-Arms
10:31 Wheelbarrow
11:36 Double-Bit Axe
12:22 Gold Mining
15:02 Forging
14:53 Scale Mail Armor
17:36 Stone Mining
18:54 Horse Collar
22:11 Castle Age
Ziro3989
5:43 Loom
8:05 Feudal Age
7:44 Loom
8:39 Double-Bit Axe
8:40 Horse Collar
11:47 Bloodlines
14:30 Castle Age
14:55 Forging
15:26 Bow Saw
17:01 Heavy Plow
18:55 Wheelbarrow
23:05 Husbandry
joshua.reynolds
9:03 Feudal Age
10:07 Loom
10:38 Double-Bit Axe
13:20 Castle Age
11:56 Horse Collar
13:38 Scale Barding Armor
13:41 Town Watch
14:57 Bow Saw
15:05 Heavy Plow
15:50 Gold Mining
17:41 Wheelbarrow
17:52 Stone Mining
19:15 Forging
20:41 Stone Shaft Mining
20:43 Gold Shaft Mining
23:04 Chain Barding Armor
23:16 Tuntian
25:00 Iron Casting
29:45 Imperial Age
29:38 Hand Cart
30:03 Bloodlines
29:54 Husbandry
LeeroyJenkins
8:13 Feudal Age
11:42 Castle Age
10:29 Double-Bit Axe
24:35 Imperial Age
23:38 Padded Archer Armor
24:54 Scale Barding Armor
25:02 Forging
25:47 Heavy Camel Rider
27:11 Chain Barding Armor
28:14 Husbandry
djcybermyth
6:33 Loom
8:33 Feudal Age
12:32 Castle Age
10:45 Double-Bit Axe
10:58 Horse Collar
11:52 Man-at-Arms
12:36 Scale Mail Armor
12:47 Forging
13:35 Long Swordsman
14:27 Town Watch
16:34 Wheelbarrow
17:16 Fletching
19:12 Arson
19:41 Bodkin Arrow
20:13 Chain Mail Armor
21:32 Iron Casting
20:57 Padded Archer Armor
21:20 Squires
24:45 Pikeman
27:21 Leather Archer Armor
27:18 Red Cliffs Tactics
Connection lost

Rejoining the realm…

Still unreachable

The connection could not be restored.

Session expired

The server has moved on; the page needs a fresh start.